 Dungeon Crawl Stone Soup version 0.19.0-9-gfd783f2 (webtiles) character file.

729 imganon the Cleaver (level 7, 0/52 HPs)
             Began as a Demonspawn Berserker on Nov 7, 2016.
             Was an Elder of Trog.
             Killed from afar by an orc wizard (4 damage)
             ... with a magic dart
             ... on level 5 of the Dungeon.
             The game lasted 00:04:53 (3731 turns).

imganon the Cleaver (Demonspawn Berserker)          Turns: 3731, Time: 00:04:54

Health: 0/52       AC:  6    Str: 19    XL:     7   Next: 44%
Magic:  7/7        EV: 10    Int:  8    God:    Trog [****..]
Gold:   237        SH:  0    Dex: 13    Spells: 0 memorised, 6 levels left

rFire  . . .     SeeInvis .     a - +1 hand axe
rCold  . . .     Gourm    .     h - +0 scale mail
rNeg   . . .     Faith    .     (no shield)
rPois  .         Spirit   .     (helmet restricted)
rElec  .         Reflect  .     (no cloak)
rCorr  .         Harm     .     (no gloves)
MR     ++...                    (no boots)
Stlth  ..........               (no amulet)
                                (no ring)
                                d - ring of loudness (curse)

@: regenerating
A: horns 1, demonic guardian 1, rot immunity
a: Berserk, Trog's Hand, Brothers in Arms, Burn Spellbooks, Renounce Religion


You were on level 5 of the Dungeon.
You worshipped Trog.
Trog was greatly pleased with you.
You were hungry.

You visited 1 branch of the dungeon, and saw 5 of its levels.

You collected 237 gold pieces.

Inventory:

Hand Weapons
 a - a +1 hand axe (weapon)
Armour
 h - a +0 scale mail (worn)
Jewellery
 d - a cursed ring of loudness (left hand)
Scrolls
 i - 2 scrolls of noise {unknown}
 j - 2 scrolls of remove curse {unknown}
 k - a scroll of teleportation {unknown}
 l - a scroll of magic mapping {unknown}
 n - 2 scrolls of random uselessness {unknown}
 p - 2 scrolls of identify {unknown}
 s - a scroll of blinking {unknown}
Potions
 b - 2 potions of degeneration {unknown}
 e - a potion of might {unknown}
 f - 8 potions of curing
 g - a potion of agility {unknown}
 m - a potion of invisibility {unknown}
 o - 2 potions of heal wounds {unknown}
 q - a potion of mutation {unknown}
 r - a potion of lignification {unknown}
Comestibles
 c - 3 bread rations
 t - a slice of pizza
 u - a meat ration


   Skills:
 - Level 3.0 Fighting
 + Level 8.1 Axes
 - Level 1.7 Armour
 - Level 1.7 Dodging


You had 6 spell levels left.
You didn't know any spells.

Dungeon Overview and Level Annotations

Branches:
Dungeon (5/15)             Temple (0/1) D:4

Altars:
Gozag


Innate Abilities, Weirdness & Mutations

You have a pair of small horns on your head.
A weak demonic guardian rushes to your aid.
You are immune to rotting.


Message History

The orc wizard hits you but does no damage.
Your white imp barely misses the orc wizard.
The centaur wields a shortbow.
The centaur shoots an arrow.
The arrow hits you!
* * * LOW HITPOINT WARNING * * *
The orc wizard hits you with a dagger.
* * * LOW HITPOINT WARNING * * *
You are too injured to fight recklessly!
Unknown command.
Unknown command.
Your skin crawls.
You feel resistant to hostile enchantments.
You are feeling hungry.
Your quasit completely misses the orc wizard.
Your quasit misses the orc wizard.
Your quasit claws the orc wizard but does no damage.
The centaur shoots an arrow.
The arrow hits you.
* * * LOW HITPOINT WARNING * * *
The orc wizard casts a spell at you. The magic dart hits you!
You die...

§...≈≈# .....≈≈##
......≈≈## .......≈≈##
........§≈####### ####
..8......≈≈##...# ...
........o5≈≈#...###.##
......)@5%$§#........#
.?....).....'........#
..8...8.....'........#
............'...##.####
c..........§#.........#
.........§§§#.....†##.#
?.8......≈≈##.###..#
......?§§≈###.###..# #
.....§.≈≈##........##.#


You could see a centaur, an orc wizard, a friendly quasit and a friendly white
imp.

Vanquished Creatures
  The ghost of Chiseanne the Ducker, an amateur HEAr (D:4)
  An ogre (D:4)
  A scorpion (D:5)
  An orc priest (D:5)
  2 orc wizards (D:3)
  Natasha (thrice) (D:4)
  A worker ant (D:4)
  6 adders
  An ooze (D:1)
  2 worms (D:2)
  3 dart slugs
  5 leopard geckos
  14 orcs
  6 giant cockroaches
  3 goblins
  6 hobgoblins
  7 jackals
  10 kobolds
  3 quokkas
  10 bats
  2 frilled lizards
  A leopard gecko skeleton (D:4)
  13 rats
  A fungus (D:1)
103 creatures vanquished.

Vanquished Creatures (collateral kills)
  A centaur (D:4)
  An orc wizard (D:3)
  A ball python zombie (D:5)
3 creatures vanquished.

Grand Total: 106 creatures vanquished

Notes
Turn   | Place    | Note
-------+----------+-------------------------------------------
     0 | D:1      | imganon the Demonspawn Berserker began the quest for the Orb.
     0 | D:1      | Reached XP level 1. HP: 18/18 MP: 1/1
   202 | D:1      | Reached skill level 3 in Axes
   202 | D:1      | Gained mutation: You have a pair of small horns on your head. [demonic ancestry]
   202 | D:1      | Reached XP level 2. HP: 15/24 MP: 2/2
   593 | D:1      | Gained mutation: A weak demonic guardian rushes to your aid. [demonic ancestry]
   593 | D:1      | Reached XP level 3. HP: 22/29 MP: 3/3
  1030 | D:2      | Reached skill level 4 in Axes
  1096 | D:2      | Reached ** piety under Trog
  1367 | D:2      | Found an opulent altar of Gozag.
  1476 | D:2      | Reached XP level 4. HP: 23/35 MP: 4/4
  1916 | D:3      | Reached skill level 5 in Axes
  2008 | D:3      | Reached *** piety under Trog
  2029 | D:3      | Reached XP level 5. HP: 20/41 MP: 5/5
  2713 | D:4      | Found a staircase to the Ecumenical Temple.
  2719 | D:4      | Noticed Chiseanne's ghost (amateur HEAr)
  2732 | D:4      | Killed Chiseanne's ghost
  2732 | D:4      | Reached skill level 6 in Axes
  2732 | D:4      | Reached XP level 6. HP: 47/47 MP: 6/6
  2796 | D:4      | Reached skill level 7 in Axes
  2870 | D:4      | Noticed Natasha
  2879 | D:4      | HP: 2/47 [Natasha (6)]
  2882 | D:4      | Killed Natasha
  2882 | D:4      | Gained mutation: You are immune to rotting. [demonic ancestry]
  2882 | D:4      | Reached XP level 7. HP: 4/52 MP: 7/7
  3243 | D:4      | Reached **** piety under Trog
  3294 | D:4      | Noticed Natasha
  3300 | D:4      | Killed Natasha
  3390 | D:4      | Noticed Natasha
  3400 | D:4      | Killed Natasha
  3698 | D:5      | Entered Level 5 of the Dungeon
  3705 | D:5      | Reached skill level 8 in Axes
  3731 | D:5      | Killed from afar by an orc wizard

Skill      XL: |  1  2  3  4  5  6  7 |
---------------+----------------------+-----
Axes           | 3 4 5 6 7 8 |  8.1
Fighting       | |  3.0
Armour         | |  1.7
Dodging        | |  1.7

Action                   |  1- 3 |  4- 6 |  7- 9 || total
-------------------------+-------+-------+-------++-------
Melee: Hand axe          |   139 |   142 |    62 ||   343
       Headbutt          |    21 |    23 |    14 ||    58
Invok: Berserk           |       |     2 |       ||     2
       Burn Spellbooks   |       |       |     1 ||     1
       Trog's Hand       |       |       |     1 ||     1
  Use: Scroll            |     1 |       |       ||     1
       Potion            |       |       |     1 ||     1
  Eat: Chunk             |     2 |     6 |     3 ||    11
Armor: Animal skin       |     2 |       |       ||     2
       Scale mail        |    39 |    67 |    24 ||   130
Dodge: Dodged            |    72 |    58 |    29 ||   159
